 Dungeon Crawl Stone Soup version 0.31.0-12-g77e489cdc1 (webtiles) character file.

Game seed: 10724212407449427700

85 NotaViper the Slasher (level 4, -5/26 (38) HPs)
             Began as a Gnoll Reaver on Feb 26, 2024.
             Killed by divine providence
             ... invoked by an orc priest
              (15 damage)
             ... on level 3 of the Dungeon.
             The game lasted 00:08:40 (1672 turns).

NotaViper the Slasher (Gnoll Reaver)                Turns: 1672, Time: 00:08:41

HP:   -5/26 (38)    AC:  6    Str: 12    XL:     4   Next: 48%
MP:   11/11         EV: 11    Int: 12    God:
Gold: 125           SH:  0    Dex: 18    Spells: 12/13 levels left

rFire   x . .        a - +0 falchion
rCold   + . .        (no shield)
rNeg    . . .        g - +0 scale mail
rPois   .            (no helmet)
rElec   .            (no cloak)
rCorr   .            (no gloves)
SInv    .            (no boots)
Will    .....        (no amulet)
Stlth   +            m - ring of ice
HPRegen 0.24/turn    p - +6 ring of dexterity
MPRegen 0.12/turn

%: no passive effects
@: very heavily drained
A: fangs 1, strong nose, distributed training
a: no special abilities


You were on level 3 of the Dungeon.
You visited 1 branch of the dungeon, and saw 3 of its levels.

You collected 125 gold pieces.

Inventory:

Hand Weapons
 a - a +0 falchion (weapon)
 d - a +0 sling
 h - a +0 hand axe
 l - a +0 trident
Missiles
 c - 36 stones
Armour
 b - a +0 leather armour
 g - a +0 scale mail (worn)
 j - a +0 plate armour
Jewellery
 m - a ring of ice (left hand)
 p - a +6 ring of dexterity (right hand)
Scrolls
 e - 5 scrolls of identify {unknown}
 i - a scroll of vulnerability {unknown}
 o - a scroll of torment {unknown}
 r - a scroll of teleportation {unknown}
Potions
 f - 2 potions of heal wounds {unknown}
 k - a potion of lignification {unknown}
 n - a potion of degeneration {unknown}
 q - a potion of might {unknown}
 s - a potion of resistance {unknown}
 t - a potion of cancellation {unknown}


   Skills:
 + Level 4.6 Fighting
 + Level 1.2 Short Blades
 + Level 6.6 Long Blades
 + Level 1.2 Axes
 + Level 1.2 Maces & Flails
 + Level 1.2 Polearms
 + Level 1.2 Staves
 + Level 1.2 Ranged Weapons
 + Level 1.2 Throwing
 + Level 1.2 Armour
 + Level 4.6 Dodging
 + Level 1.2 Stealth
 + Level 1.2 Shields
 + Level 1.2 Unarmed Combat
 + Level 5.1 Spellcasting
 + Level 5.5 Conjurations
 + Level 1.0 Hexes
 + Level 1.0 Summonings
 + Level 1.0 Necromancy
 + Level 1.0 Translocations
 + Level 1.0 Fire Magic
 + Level 1.0 Ice Magic
 + Level 1.0 Air Magic
 + Level 1.0 Earth Magic
 + Level 1.0 Alchemy
 + Level 1.3 Invocations
 + Level 1.2 Evocations
 + Level 1.1 Shapeshifting


You had 12 spell levels left.
You knew the following spells:

 Your Spells              Type           Power      Damage    Failure   Level
a - Kiss of Death         Conj/Necr      40%        2d8       28%         1

Your spell library contained the following spells:

 Spells                   Type           Power      Damage    Failure   Level
 Momentum Strike          Conj/Tloc      20%        3d8       38%         2
 Hailstorm                Conj/Ice       16%        3d6       63%         3
 Summon Ice Beast         Ice/Summ       8%         N/A       91%         3
 Summon Mana Viper        Hex/Summ       5%         N/A       100%        5
 Monstrous Menagerie      Summ           2%         N/A       100%        7


Dungeon Overview and Level Annotations

Branches:
Dungeon (3/15)

Altars:

Shops:
D:2 !


Innate Abilities, Weirdness & Mutations

You have very sharp teeth.
Your uncanny sense of smell can sniff out nearby items.
Your experience applies equally to all skills.


Message History

The orc wizard is heavily wounded.
The orc wizard barely misses you. The orc closely misses you.
You hit the orc wizard.
The orc wizard is severely wounded.
The orc wizard gestures wildly while chanting.
The orc wizard flickers and vanishes!
Deactivating autopickup; reactivate with Ctrl-A.
The orc hits you but does no damage.
You miss something. Your bite misses something. Something hits you.
You completely miss something.
The orc priest casts a cantrip, but nothing happens.
Something hits you. The orc barely misses you.
You're too confused to cast spells.
You miss something. Something hits you but does no damage.
You slash something!
Reactivating autopickup.
You feel a bit more experienced.
Your Hexes skill increases to level 1!
Your Summonings skill increases to level 1!
Your Necromancy skill increases to level 1!
Your Translocations skill increases to level 1!
Your Fire Magic skill increases to level 1!
Your Ice Magic skill increases to level 1!
Your Air Magic skill increases to level 1!
Your Earth Magic skill increases to level 1!
Your Alchemy skill increases to level 1!
You're too confused to cast spells.
You slash the orc!
You kill the orc!
Items here: ( )) [.
You're too confused to move!
You feel less confused. The orc priest closely misses you.
The orc priest hits you but does no damage.
You slash the orc priest!
The orc priest is severely wounded.
The orc priest invokes the aid of Beogh against you.
Beogh smites you!
Ouch! That really hurt!
You die...

....†...........#
................# #
.#..............#.#
.#<.....<.......#.#
.###.........####.###
.# #................#
.# #..............#
.#
#........#...###.####
##
#.#####<....o@......#
#. #...###o##....+ #.
#...# #.?. ..# #...#
###... # #...# #....
#...# .... ###.# >..
∆ ..# ∆.. ###


You could see 2 orc priests.

Vanquished Creatures
  An orc wizard (D:3)
  2 adders
  3 dart slugs
  An orc (D:3)
  9 bats
  5 endoplasms
  2 giant cockroaches (D:1)
  A hobgoblin (D:1)
  5 ball pythons
  A frilled lizard (D:1)
  2 kobolds (D:1)
  4 rats
36 creatures vanquished.

Notes
Turn   | Place    | Note
-------+----------+-------------------------------------------
     0 | D:1      | NotaViper the Gnoll Reaver began the quest for the Orb.
     0 | D:1      | Reached XP level 1. HP: 20/20 MP: 6/6
    54 | D:1      | Reached XP level 2. HP: 14/16 MP: 4/7
   379 | D:1      | Reached skill level 5 in Spellcasting
   379 | D:1      | Reached XP level 3. HP: 7/9 MP: 7/9
  1052 | D:2      | Found Mabyphid's Distillery.
  1069 | D:2      | Reached skill level 1 in Invocations
  1336 | D:2      | Reached skill level 1 in Short Blades
  1336 | D:2      | Reached skill level 1 in Axes
  1336 | D:2      | Reached skill level 1 in Maces & Flails
  1336 | D:2      | Reached skill level 1 in Polearms
  1336 | D:2      | Reached skill level 1 in Staves
  1336 | D:2      | Reached skill level 1 in Ranged Weapons
  1336 | D:2      | Reached skill level 1 in Throwing
  1336 | D:2      | Reached skill level 1 in Armour
  1336 | D:2      | Reached skill level 1 in Stealth
  1336 | D:2      | Reached skill level 1 in Shields
  1336 | D:2      | Reached skill level 1 in Unarmed Combat
  1336 | D:2      | Reached skill level 1 in Evocations
  1627 | D:3      | Reached skill level 1 in Shapeshifting
  1627 | D:3      | Reached XP level 4. HP: 21/22 MP: 11/11
  1669 | D:3      | Reached skill level 1 in Hexes
  1669 | D:3      | Reached skill level 1 in Summonings
  1669 | D:3      | Reached skill level 1 in Necromancy
  1669 | D:3      | Reached skill level 1 in Translocations
  1669 | D:3      | Reached skill level 1 in Fire Magic
  1669 | D:3      | Reached skill level 1 in Ice Magic
  1669 | D:3      | Reached skill level 1 in Air Magic
  1669 | D:3      | Reached skill level 1 in Earth Magic
  1669 | D:3      | Reached skill level 1 in Alchemy
  1672 | D:3      | Killed from afar by an orc priest

Illustrated notes

Levels and vault maps discovered:
D:1:      wander_arrival_peaceful_grave, layout_rooms, serial_rivers,
          chequers_serial_rivers_micro_a, chequers_serial_rivers_room_a,
          chequers_serial_rivers_small_3, chequers_serial_rivers_large_b,
          chequers_serial_rivers_small_3, chequers_serial_rivers_room_a,
          minmay_misc_feat_square
D:2:      layout_loops_ring, serial_shops, shop
D:3:      layout_basic, mainiacjoe_overflow_alcove_4, serial_shops, shop,
          nrook_mini_backslash, uniq_ijyb

Skill      XL: |  1  2  3  4 |
---------------+-------------+-----
Spellcasting   | 5 |  5.1
Invocations    | 1 |  1.3
Short Blades   | 1 |  1.2
Axes           | 1 |  1.2
Maces & Flails | 1 |  1.2
Polearms       | 1 |  1.2
Staves         | 1 |  1.2
Ranged Weapons | 1 |  1.2
Throwing       | 1 |  1.2
Armour         | 1 |  1.2
Stealth        | 1 |  1.2
Shields        | 1 |  1.2
Unarmed Combat | 1 |  1.2
Evocations     | 1 |  1.2
Shapeshifting  | 1 |  1.1
Hexes          | 1 |  1.0
Summonings     | 1 |  1.0
Necromancy     | 1 |  1.0
Translocations | 1 |  1.0
Fire Magic     | 1 |  1.0
Ice Magic      | 1 |  1.0
Air Magic      | 1 |  1.0
Earth Magic    | 1 |  1.0
Alchemy        | 1 |  1.0
Fighting       | |  4.6
Long Blades    | |  6.6
Dodging        | |  4.6
Conjurations   | |  5.5

Action                     |  1- 3 |  4- 6 || total
---------------------------+-------+-------++-------
  Melee: Falchion          |    60 |    16 ||    76
         Bite              |     5 |       ||     5
   Fire: Sling             |    17 |       ||    17
  Throw: Stone             |     1 |       ||     1
   Cast: Kiss of Death     |    10 |       ||    10
 Armour: Leather armour    |     5 |       ||     5
         Scale mail        |    42 |    12 ||    54
  Dodge: Dodged            |    47 |     6 ||    53
